[Event "*** Titled Tuesday Blitz"]
[Site "Chess.com"]
[Date "2020.04.28"]
[Round "2"]
[White "WiktoriaPOL"]
[Black "FranciscodelaF"]
[Result "0-1"]
[WhiteElo "2044"]
[BlackElo "2382"]
[TimeControl "180+1"]
[EndTime "10:15:30 PDT"]
[Termination "FranciscodelaF won by checkmate"]

1. c4 e6 2. Nc3 d5 3. d4 Nf6 4. cxd5 exd5 5. Bg5 Be7 6. e3 c6 7. Bd3 Nbd7 8. Qc2 h6 9. Bh4 O-O 10. Nge2 Nh5 11. Bxe7 Qxe7 12. O-O a5 13. Rae1 g6 14. Bxg6 fxg6 15. Qxg6+ Ng7 16. Qxh6 Nf6 17. Nf4 Ng4 18.
Qg6 Bf5 19. Ncxd5 cxd5 20. Nxd5 Qd7 21. Qg5 Qxd5 22. e4 Qd6 23. exf5 Qxh2# 0-1

[Event "*** Titled Tuesday Blitz"]
[Site "Chess.com"]
[Date "2020.04.28"]
[Round "2"]
[White "Tesla37"]
[Black "EddieMarsalla"]
[Result "1-0"]
[WhiteElo "2880"]
[BlackElo "2558"]
[TimeControl "180+1"]
[EndTime "10:15:31 PDT"]
[Termination "Tesla37 won by resignation"]

1. e4 c6 2. d4 d5 3. e5 Bf5 4. Nd2 e6 5. Nb3 Nd7 6. Be2 h6 7. Nf3 Ne7 8. O-O g5 9. a4 Bg7 10. a5 Ng6 11. Ne1 Nf4 12. Bxf4 gxf4 13. Bd3 Qg5 14.
Bxf5 Qxf5 15. Nd3 f3 16. Qxf3 Qxf3 17. gxf3 h5 18. f4 Bh6 19. Kg2 O-O-O 20. Kf3 f6 21. Rg1 fxe5 22. fxe5 Rdf8+ 23. Ke2 Rf5 24. Rg6 Nf8 25. Rg3 h4 26. Rg4 Bg5 27. Rag1 Bd8 28. f4 Rf7 29. Rg8 Rhh7 30. Ke3 b6 31. axb6 Bxb6 32.
Nbc5 Rh6 33. R1g7 Rxg7 34. Rxg7 Kd8 35. Nb7+ Ke8 36. Nd6+ 1-0

[Event "*** Titled Tuesday Blitz"]
[Site "Chess.com"]
[Date "2020.04.28"]
[Round "2"]
[White "Kavyev_Ruslan"]
[Black "Rinas_Oleg"]
[Result "1-0"]
[WhiteElo "2504"]
[BlackElo "2265"]
[TimeControl "180+1"]
[EndTime "10:15:33 PDT"]
[Termination "Kavyev_Ruslan won by resignation"]

1. d4 Nf6 2. c4 g6 3. Nc3 d5 4.
Bf4 Bg7 5. e3 O-O 6. Rc1 c5 7.
dxc5 Qa5 8. cxd5 Rd8 9. Bc4 Qxc5 10. Bb3 e6 11. Nge2 exd5 12. O-O Nc6 13. Nxd5 Qa5 14. Bc7 Rxd5 15. Bxa5 Rxd1 16. Rfxd1 Nxa5 17. Rd8+ Bf8 18. Rcxc8 Rxc8 19. Rxc8 Nxb3 20. axb3 Kg7 21. Rc7 a5 22. Rxb7 Ne4 23. Nd4 Bb4 24. Nc6 Nc5 25. Rb5 Nxb3 26. Nxb4 axb4 27. Rxb4 Nc5 28. Rc4 Nd3 29.
b4 Kf6 30. b5 Ne5 31. Rc1 Nd7 32. b6 Ke5 33. b7 1-0

[Event "*** Titled Tuesday Blitz"]
[Site "Chess.com"]
[Date "2020.04.28"]
[Round "2"]
[White "AniJak"]
[Black "Pittiplatsh"]
[Result "0-1"]
[WhiteElo "2239"]
[BlackElo "2465"]
[TimeControl "180+1"]
[EndTime "10:15:34 PDT"]
[Termination "Pittiplatsh won by resignation"]

1. e4 c5 2. Nc3 Nc6 3. g3 g6 4. Bg2 Bg7 5. d3 d6 6. Be3 e5 7. Qd2 Nge7 8. Nge2 Rb8 9. Bh6 Bxh6 10. Qxh6 Nd4 11. Nxd4 cxd4 12. Nd5 Nxd5 13. exd5 Qa5+ 14. Qd2 Qxd2+ 15. Kxd2 Ke7 16. Rae1 f5 17. c4 dxc3+ 18. bxc3 Kf6 19. Kc2 Bd7 20. Rb1 Rhc8 21. Rb4 b5 22. Rhb1 a5 23. R4b3 b4 24. c4 Ba4 25. Kd2 Bxb3 26.
axb3 h5 27. Ra1 Ra8 28. Ra4 g5 29. Ra1 g4 30. f3 Kg5 31. Ra2 Rh8 32. Ke3 gxf3 33.
Bxf3 h4 34. g4 fxg4 35. Rg2 g3 36. hxg3 h3 37. Rh2 a4 38. bxa4 Rxa4 39. Be4 b3 0-1

[Event "*** Titled Tuesday Blitz"]
[Site "Chess.com"]
[Date "2020.04.28"]
[Round "2"]
[White "FMOlexandrProhorov"]
[Black "vpsetter"]
[Result "0-1"]
[WhiteElo "2091"]
[BlackElo "2605"]
[TimeControl "180+1"]
[EndTime "10:15:36 PDT"]
[Termination "vpsetter won by resignation"]

1. e4 e5 2. Nf3 Nc6 3. Bc4 Bc5 4.
b4 Bxb4 5. c3 Ba5 6. d4 d6 7.
dxe5 dxe5 8. Qxd8+ Nxd8 9. Nxe5 Nf6 10. f3 O-O 11. O-O Re8 12. Nd3 Be6 13. Bxe6 Nxe6 14.
Be3 Rad8 15. Nb4 c5 16. Nc2 Rd3 17. Re1 Nd4 18. Bxd4 cxd4 19. cxd4 Bxe1 20. Nxe1 Rd1 21. Kf2 Rc8 22. Na3 Rxa1 0-1

[Event "*** Titled Tuesday Blitz"]
[Site "Chess.com"]
[Date "2020.04.28"]
[Round "2"]
[White "agus_k"]
[Black "manmanlai1"]
[Result "1-0"]
[WhiteElo "2605"]
[BlackElo "2300"]
[TimeControl "180+1"]
[EndTime "10:15:37 PDT"]
[Termination "agus_k won by resignation"]

1. e4 c6 2. d4 d5 3. Nd2 dxe4 4. Nxe4 Nf6 5. Nxf6+ exf6 6. Bd3 Bd6 7. c3 O-O 8. Qc2 Re8+ 9. Ne2 h5 10. Be3 Nd7 11.
O-O-O Qa5 12. Kb1 b5 13. g4 h4 14. g5 b4 15. gxf6 bxc3 16. Bh7+ Kh8 17. fxg7+ Kxg7 18. Rhg1+ Kh8 19. Bh6 f5 20. Bxf5 Re7 21. Be6 Rxe6 22. Bg7+ Kg8 23. d5 cxd5 24. Bxc3+ 1-0

[Event "*** Titled Tuesday Blitz"]
[Site "Chess.com"]
[Date "2020.04.28"]
[Round "2"]
[White "Piotrek1979"]
[Black "SergioGarciaFuentes"]
[Result "1-0"]
[WhiteElo "2387"]
[BlackElo "2068"]
[TimeControl "180+1"]
[EndTime "10:15:37 PDT"]
[Termination "Piotrek1979 won by resignation"]

1. Nf3 d5 2. g3 Nf6 3. Bg2 g6 4. b3 Bg7 5. Bb2 O-O 6. O-O c5 7. e3 Nc6 8. d3 Qc7 9. a3 Re8 10. c4 e6 11. Nbd2 b6 12. Qc1 Bb7 13. Qc2 e5 14.
cxd5 Nxd5 15. Rac1 Rac8 16. Rfe1 Qd7 17. Nc4 f6 18. Qb1 Kh8 19. Red1 Qe6 20. Ncd2 Red8 21. Qa1 Nc7 22. Ne4 Qxb3 23. Nxf6 Bxf6 24. Nxe5 Nxe5 25. Bxe5 Bxe5 26. Qxe5+ Kg8 27. Bxb7 1-0

[Event "*** Titled Tuesday Blitz"]
[Site "Chess.com"]
[Date "2020.04.28"]
[Round "2"]
[White "ChessTraining77"]
[Black "Anton_Demchenko"]
[Result "0-1"]
[WhiteElo "2541"]
[BlackElo "2846"]
[TimeControl "180+1"]
[EndTime "10:15:38 PDT"]
[Termination "Anton_Demchenko won by resignation"]

1. e4 e5 2. Nf3 Nc6 3. Bb5 a6 4. Ba4 Nge7 5. c3 d6 6. d4 Bd7 7.
O-O Ng6 8. d5 Nb8 9. c4 Be7 10.
Nc3 O-O 11. Bxd7 Qxd7 12. Ne1 f5 13. exf5 Qxf5 14. Qe2 Bg5 15. Nd3 Bxc1 16. Raxc1 Nd7 17. g3 Ne7 18. Rce1 Rae8 19. Qe3 Qg6 20. Qd2 Nf5 21. Ne2 Nh4 22. Kh1 Nf3 23. Qe3 Qh5 24. h4 Qg4 25. Ng1 Nxe1 26. Rxe1 Qxc4 0-1

[Event "*** Titled Tuesday Blitz"]
[Site "Chess.com"]
[Date "2020.04.28"]
[Round "2"]
[White "Zarikovs1999"]
[Black "willyam13"]
[Result "0-1"]
[WhiteElo "2273"]
[BlackElo "2515"]
[TimeControl "180+1"]
[EndTime "10:15:38 PDT"]
[Termination "willyam13 won by resignation"]

1. Nf3 Nf6 2. c4 c6 3. g3 d5 4. Bg2 Bf5 5. O-O e6 6. d4 h6 7. Nc3 Nbd7 8. Bf4 Be7 9. Re1 O-O 10. Rc1 Bh7 11. cxd5 exd5 12. a3 Re8 13. b4 Nb6 14. Ne5 Bd6 15. Qb3 Qe7 16. Na4 Nxa4 17. Qxa4 a6 18. Qb3 Nh5 19. Qf3 Nxf4 20. gxf4 f6 21. Nd3 Be4 22. Qe3 Qf7 23. Bxe4 Rxe4 24. Qf3 Rxd4 25.
Red1 Re8 26. e3 Rxd3 27. Rxd3 Qg6+ 28. Qg3 Qxd3 0-1

[Event "*** Titled Tuesday Blitz"]
[Site "Chess.com"]
[Date "2020.04.28"]
[Round "2"]
[White "DFeco"]
[Black "MergenKakabaev"]
[Result "0-1"]
[WhiteElo "2192"]
[BlackElo "2436"]
[TimeControl "180+1"]
[EndTime "10:15:38 PDT"]
[Termination "MergenKakabaev won by resignation"]

1. c4 Nf6 2. g3 g6 3. Bg2 Bg7 4. Nc3 O-O 5. e4 d6 6. Nge2 c5 7. O-O Nc6 8. d3 Nd4 9. Nxd4 cxd4 10. Ne2 e5 11. Rb1 a6 12. b4 b5 13. Bd2 Be6 14. Rc1 Rc8 15. Qb3 Nd7 16. Qa3 bxc4 17. Qxa6 c3 18.
Bxc3 dxc3 19. Nxc3 Nb6 20. Nd5 Nxd5 21. exd5 Bf5 22. Rc6 Ra8 23. Qb6 Qxb6 24. Rxb6 Rxa2 25. Rxd6 Bxd3 26. Rd1 e4 27. Rc6 Rd8 28. d6 Be5 29. d7 Rxd7 30. Rc8+ Kg7 31. h4 h5 32. Kh2 Rxf2 33.
b5 e3 0-1

[Event "*** Titled Tuesday Blitz"]
[Site "Chess.com"]
[Date "2020.04.28"]
[Round "2"]
[White "SummertimeFun"]
[Black "suyu28"]
[Result "0-1"]
[WhiteElo "1499"]
[BlackElo "2598"]
[TimeControl "180+1"]
[EndTime "10:15:42 PDT"]
[Termination "suyu28 won by checkmate"]

1. d4 Nf6 2. Nf3 d5 3. c4 e6 4. g3 Be7 5. Bg2 O-O 6. O-O dxc4 7. Qc2 a6 8. Qxc4 b5 9. Qc2 Bb7 10. Nbd2 Nc6 11. e3 Nb4 12. Qb1 c5 13. a3 Nc6 14.
dxc5 Bxc5 15. b4 Be7 16. Bb2 Qb6 17. Rd1 Rfd8 18. Nd4 a5 19. bxa5 Nxa5 20. Bxb7 Qxb7 21. N2b3 Nc4 22. Qa2 Ne4 23. h4 g5 24. Nf3 Nxg3 25. Rxd8+ Rxd8 26. Nfd4 Qh1# 0-1

[Event "*** Titled Tuesday Blitz"]
[Site "Chess.com"]
[Date "2020.04.28"]
[Round "2"]
[White "LogoCzar"]
[Black "CraiggoryC"]
[Result "1-0"]
[WhiteElo "2384"]
[BlackElo "2062"]
[TimeControl "180+1"]
[EndTime "10:15:43 PDT"]
[Termination "LogoCzar won on time"]

1. e4 e6 2. d4 d5 3. Nc3 Bb4 4. e5 c5 5. a3 Bxc3+ 6. bxc3 Ne7 7. Qg4 cxd4 8. Bd3 Qa5 9. Ne2 dxc3 10. Qxg7 Rg8 11.
Qxh7 Nbc6 12. Bf4 Bd7 13. h4 O-O-O 14. Qxf7 Rdf8 15. Qh5 Rxg2 16. Bg3 Nf5 17. Qf3 Rxg3 18. Nxg3 Ncd4 19. Qf4 Qa4 20. O-O 1-0

[Event "*** Titled Tuesday Blitz"]
[Site "Chess.com"]
[Date "2020.04.28"]
[Round "2"]
[White "Hadza_3"]
[Black "harkerchess"]
[Result "1-0"]
[WhiteElo "2371"]
[BlackElo "2005"]
[TimeControl "180+1"]
[EndTime "10:15:44 PDT"]
[Termination "Hadza_3 won by resignation"]

1. e4 e5 2. Nc3 Nf6 3. f4 d6 4. Nf3 Nc6 5. Bb5 Bg4 6. h3 Bxf3 7. Qxf3 a6 8. Bxc6+ bxc6 9. O-O Be7 10. d3 O-O 11. b3 exf4 12. Bxf4 Qd7 13. a4 Ne8 14. Rae1 Bf6 15. Ne2 d5 16. e5 Bh4 17.
g3 Be7 18. Kh2 f6 19. d4 fxe5 20. dxe5 Qf5 21. Nd4 Qg6 22. Qc3 c5 23. Qf3 c6 24.
Ne2 Qxc2 25. Qg4 Qxb3 26. Qe6+ Kh8 27. Qxe7 Rg8 28. Qxc5 Qxa4 29. Nd4 Nc7 30. Ra1 Qc4 31. Qxc4 dxc4 32. Rfc1 Nd5 33. Rxc4 Rgb8 34. h4 Rb2+ 35. Kh3 Nxf4+ 36. gxf4 h6 37. Rxc6 Rb4 38. Ne6 Rb3+ 39. Kg4 Kh7 40. Raxa6 Rab8 41. Ra7 R8b7 42. Rxb7 Rxb7 43.
Rc7 Rxc7 44. Nxc7 1-0

[Event "*** Titled Tuesday Blitz"]
[Site "Chess.com"]
[Date "2020.04.28"]
[Round "2"]
[White "BeanScreen"]
[Black "GOGIEFF"]
[Result "0-1"]
[WhiteElo "2582"]
[BlackElo "2979"]
[TimeControl "180+1"]
[EndTime "10:15:46 PDT"]
[Termination "GOGIEFF won by resignation"]

1. e4 c5 2. Nf3 Nc6 3. Nc3 d6 4. d4 cxd4 5. Nxd4 Nf6 6. Bg5 e6 7. Bb5 Bd7 8. Qd3 h6 9. Bh4 a6 10. Bxc6 bxc6 11. O-O-O Be7 12. Nb3 a5 13. Bxf6 gxf6 14.
f4 a4 15. Nd2 d5 16. f5 Qb6 17. fxe6 fxe6 18. exd5 cxd5 19. Rhe1 Rb8 20. Nc4 Qc5 21. Ne3 Kf7 22. Nexd5 exd5 23. Nxd5 Bd6 24. Nxf6 Bf4+ 25. Kb1 Kxf6 26. Qxd7 Rxb2+ 27. Ka1 Rb1+ 28. Kxb1 Rb8+ 0-1

[Event "*** Titled Tuesday Blitz"]
[Site "Chess.com"]
[Date "2020.04.28"]
[Round "2"]
[White "PetrolulSah"]
[Black "YuriyKrykun"]
[Result "1-0"]
[WhiteElo "2197"]
[BlackElo "2400"]
[TimeControl "180+1"]
[EndTime "10:15:48 PDT"]
[Termination "PetrolulSah won on time"]

1. d4 Nf6 2. c4 e6 3. Nf3 Bb4+ 4. Bd2 a5 5. Qc2 b6 6. Nc3 Bb7 7. e3 O-O 8. Bd3 d6 9. a3 Bxc3 10. Bxc3 Nbd7 11. O-O-O Qe7 12. h4 e5 13. Ng5 h6 14.
Nh7 e4 15. Nxf6+ Nxf6 16. Be2 c5 17. g4 h5 18. g5 Ng4 19. Bxg4 hxg4 20. Qe2 Qe6 21. d5 Qf5 22. Rdg1 Qf3 23. Qxf3 gxf3 24. h5 Ba6 25. h6 1-0

[Event "*** Titled Tuesday Blitz"]
[Site "Chess.com"]
[Date "2020.04.28"]
[Round "2"]
[White "GM_Levan_Pantsulaia"]
[Black "Keks2017"]
[Result "1/2-1/2"]
[WhiteElo "2808"]
[BlackElo "2425"]
[TimeControl "180+1"]
[EndTime "10:15:49 PDT"]
[Termination "Game drawn by repetition"]

1. Nf3 Nf6 2. g3 g6 3. b3 Bg7 4. Bb2 O-O 5. Bg2 d6 6. d4 a5 7.
O-O a4 8. b4 c6 9. a3 b5 10.
Nbd2 d5 11. Ne5 Nfd7 12. e4 e6 13. h4 Nf6 14. Qe2 Bb7 15. Rad1 Nbd7 16. f4 Nb6 17. c3 Qc7 18. Bc1 Rae8 19. Kh2 Nfd7 20. Nd3 f5 21. e5 h5 22. Nf3 Kf7 23. Ng5+ Ke7 24. Nc5 Nxc5 25. dxc5 Nc4 26. Rd4 Bh6 27. Nh7 Rh8 28. Nf6 Ref8 29. Rfd1 Bc8 30. Rxc4 bxc4 31. Be3 Ba6 32. Bd4 Bb5 33. Re1 Kd8 34. Bf3 Bg7 35.
Kg2 Kc8 36. Qe3 Kb7 37. Bd1 Rf7 38. Bc2 Rff8 39. Qd2 Ra8 40. Re2 Ra7 41. Re1 Raa8 42. Re2 Ra7 43. Re1 Raa8 1/2-1/2

[Event "*** Titled Tuesday Blitz"]
[Site "Chess.com"]
[Date "2020.04.28"]
[Round "2"]
[White "SmirnovAlexandrA"]
[Black "Paralinch"]
[Result "0-1"]
[WhiteElo "2348"]
[BlackElo "2914"]
[TimeControl "180+1"]
[EndTime "10:15:49 PDT"]
[Termination "Paralinch won by resignation"]

1. e4 c6 2. d4 d5 3. e5 Bf5 4.
Nf3 e6 5. Be2 c5 6. Be3 Qb6 7. Nc3 Nc6 8. O-O Qxb2 9. Nb5 c4 10. Nc7+ Kd7 11. Nxa8 Bxc2 12. Qc1 Ba3 13. Ng5 Nh6 14. Bd1 Bd3 15. Re1 Rxa8 16. Ba4 Rb8 17. Bxc6+ Kxc6 18. Nh3 Qxc1 19. Bxc1 Bb4 20. Rd1 Bc3 21.
Bxh6 Bxa1 22. Rxa1 gxh6 23. Nf4 b5 24. Nxd3 cxd3 25. Rd1 b4 26. Rxd3 a5 27. Kf1 a4 28.
Ke2 b3 29. axb3 axb3 30. Rd1 b2 31. Rb1 Rb3 32. Kd2 Kb5 33. Kc2 Kc4 34. Rd1 b1=Q+ 0-1

[Event "*** Titled Tuesday Blitz"]
[Site "Chess.com"]
[Date "2020.04.28"]
[Round "2"]
[White "MPGM"]
[Black "MariaFominykh"]
[Result "1/2-1/2"]
[WhiteElo "2529"]
[BlackElo "2323"]
[TimeControl "180+1"]
[EndTime "10:15:49 PDT"]
[Termination "Game drawn by repetition"]

1. e3 Nf6 2. Nf3 g6 3. b4 Bg7 4.
Bb2 O-O 5. c4 d6 6. Be2 e5 7. d3 b6 8. O-O Bb7 9. Nc3 Nbd7 10. Nd2 a5 11. b5 Nc5 12. Qc2 Ne8 13.
Bf3 Bxf3 14. Nxf3 f5 15. d4 e4 16. dxc5 exf3 17. gxf3 Qg5+ 18. Kh1 Qh5 19. Qe2 dxc5 20. Rfe1 Be5 21. f4 Qxe2 22. Rxe2 Bxc3 23. Bxc3 Nd6 24. Rd1 Rf7 25. Red2 Nxc4 26. Rd8+ Rxd8 27. Rxd8+ Rf8 28.
Rd7 Rf7 29. Rd8+ Rf8 30. Rd7 Rf7 31. Rd8+ 1/2-1/2

[Event "*** Titled Tuesday Blitz"]
[Site "Chess.com"]
[Date "2020.04.28"]
[Round "2"]
[White "Keranke"]
[Black "Benjoneliere44"]
[Result "1-0"]
[WhiteElo "2766"]
[BlackElo "2508"]
[TimeControl "180+1"]
[EndTime "10:15:53 PDT"]
[Termination "Keranke won by resignation"]

1. d4 d6 2. c4 e5 3. Nf3 e4 4. Ng5 f5 5. Nc3 Nf6 6. d5 Be7 7. f3 exf3 8. exf3 O-O 9. Bd3 Na6 10. O-O Nc5 11. Bc2 a5 12. Re1 c6 13. dxc6 bxc6 14. Be3 Ne6 15. Nxe6 Bxe6 16. b3 Qd7 17. Na4 Rae8 18.
Qd2 d5 19. Nc5 Bxc5 20. Bxc5 Rf7 21. cxd5 Qxd5 22. Qxa5 Nd7 23. Bb4 Qd4+ 24. Kh1 c5 25. Bc3 Qf2 26. Bd3 Rfe7 27. Re2 Qh4 28. Rae1 Nf8 29.
Qxc5 Rc8 30. Qb4 Qxb4 31. Bxb4 Rd7 32. Ba6 Rc6 33. Bb5 1-0

[Event "*** Titled Tuesday Blitz"]
[Site "Chess.com"]
[Date "2020.04.28"]
[Round "2"]
[White "matein28"]
[Black "Batica1984"]
[Result "0-1"]
[WhiteElo "2526"]
[BlackElo "2801"]
[TimeControl "180+1"]
[EndTime "10:15:54 PDT"]
[Termination "Batica1984 won by resignation"]

1. d4 Nf6 2. Nf3 e6 3. c4 c5 4. e3 d6 5. Nc3 Nbd7 6. Be2 Be7 7. O-O O-O 8. b3 b6 9. Bb2 Bb7 10. h3 a6 11. Rc1 Re8 12. Qc2 Rc8 13. Rfd1 Qc7 14.
Qb1 Nf8 15. a3 Ng6 16. b4 Bf8 17. Ng5 cxd4 18. exd4 Nf4 19. Bf1 h6 20. Nge4 Nxe4 21. Nxe4 f5 22. Ng3 Qf7 23. Ne2 Ng6 24. f4 Nh4 25.
Qd3 Be7 26. Qg3 Bf6 27. Rd2 Kh7 28. d5 exd5 29. Be5 dxe5 30. fxe5 Rxe5 0-1

[Event "*** Titled Tuesday Blitz"]
[Site "Chess.com"]
[Date "2020.04.28"]
[Round "2"]
[White "LionTheLeon_06"]
[Black "Phenix2k"]
[Result "1-0"]
[WhiteElo "2638"]
[BlackElo "2298"]
[TimeControl "180+1"]
[EndTime "10:15:55 PDT"]
[Termination "LionTheLeon_06 won by resignation"]

1. d4 Nf6 2. c4 g6 3. Nc3 Bg7 4. e4 d6 5. h3 O-O 6. Be3 b6 7. g3 c5 8. Nge2 cxd4 9. Nxd4 Bb7 10. Bg2 a6 11. O-O Qc7 12. Rc1 Nbd7 13. b3 Rac8 14.
Qd2 Qb8 15. Rfe1 Rfe8 16. Qd3 Nc5 17. Qb1 Qa8 18. Nd5 Bxd5 19. exd5 b5 20. Nc6 bxc4 21.
bxc4 Nfd7 22. Bg5 f6 23. Be3 Ne5 24. Bxc5 Nxc6 25. dxc6 dxc5 26. Re6 Rc7 27. Bd5 Kh8 28. Qb6 Qc8 29. Qxc5 f5 30. Rce1 Bf6 31. Qb6 Kg7 32.
Kg2 h5 33. Qe3 Kf8 34. Qh6+ Bg7 35. Qxg6 Rd8 36. Qxf5+ 1-0

[Event "*** Titled Tuesday Blitz"]
[Site "Chess.com"]
[Date "2020.04.28"]
[Round "2"]
[White "Savagelittlemole"]
[Black "isla88"]
[Result "1-0"]
[WhiteElo "2614"]
[BlackElo "2315"]
[TimeControl "180+1"]
[EndTime "10:15:58 PDT"]
[Termination "Savagelittlemole won by resignation"]

1. e4 c5 2. Ne2 Nc6 3. g3 e5 4.
Bg2 g6 5. O-O Bg7 6. Nbc3 Nge7 7.
d3 O-O 8. Be3 d6 9. f4 exf4 10. Nxf4 Nd4 11. Ncd5 Nxd5 12. Nxd5 Be6 13. Nf4 Rb8 14. c3 Nc6 15. Nxe6 fxe6 16. Qg4 Qd7 17. Bh3 Rbe8 18. Rxf8+ Bxf8 19. Rf1 Ne5 20. Qe2 Bg7 21. d4 cxd4 22. cxd4 Nc6 23. d5 Nd8 24. Bxa7 Qa4 25. Bb6 Bd4+ 26. Bxd4 Qxd4+ 27. Qf2 Qxf2+ 28. Rxf2 exd5 29. exd5 Re5 30. Rc2 Nf7 31. Be6 Kf8 32. Rc8+ 1-0

[Event "*** Titled Tuesday Blitz"]
[Site "Chess.com"]
[Date "2020.04.28"]
[Round "2"]
[White "PowerThinking2650"]
[Black "MFBerna"]
[Result "1-0"]
[WhiteElo "2232"]
[BlackElo "2437"]
[TimeControl "180+1"]
[EndTime "10:15:58 PDT"]
[Termination "PowerThinking2650 won by resignation"]

1. e4 c6 2. d4 d5 3. Nc3 dxe4 4. Nxe4 Nf6 5. Nxf6+ exf6 6. c3 Bd6 7. Bd3 O-O 8. Qc2 Re8+ 9. Ne2 h5 10. O-O Nd7 11.
Ng3 h4 12. Nf5 Nf8 13. Nxh4 Qc7 14. g3 Bh3 15. Ng2 Re7 16. Bd2 Rae8 17. Rae1 Qd7 18. Rxe7 Rxe7 19. Re1 Rxe1+ 20. Nxe1 Qg4 21. f3 Qh5 22.
Be3 Ne6 23. Be2 Bf5 24. Qd2 Qg6 25. Ng2 Bb1 26. b3 Ng5 27. Nf4 Bxf4 28. Bxf4 Nh3+ 29. Kf1 Qc2 30. Qxc2 Bxc2 31. Bb8 a6 32. f4 Be4 33. Bg4 1-0

[Event "*** Titled Tuesday Blitz"]
[Site "Chess.com"]
[Date "2020.04.28"]
[Round "2"]
[White "Eliwood44"]
[Black "Vice64"]
[Result "1-0"]
[WhiteElo "2324"]
[BlackElo "2612"]
[TimeControl "180+1"]
[EndTime "10:16:01 PDT"]
[Termination "Eliwood44 won by resignation"]

1. d4 Nf6 2. Nf3 e6 3. g3 c5 4.
Bg2 cxd4 5. O-O d5 6. Nxd4 e5 7. Nb3 Nc6 8. c4 d4 9. e3 Be7 10. exd4 exd4 11. Bxc6+ bxc6 12. Qxd4 O-O 13. Qxd8 Rxd8 14.
Re1 Bf8 15. Bg5 Be6 16. Bxf6 gxf6 17. N1d2 Rd3 18. Ne4 Bxc4 19. Rac1 Bxb3 20. axb3 Rxb3 21. Nxf6+ Kh8 22. Rxc6 Rxb2 23. Rc7 Bg7 24. Rxf7 a5 25. Ree7 Bxf6 26. Rxf6 a4 27. Rff7 a3 28. Rxh7+ Kg8 29. Reg7+ Kf8 30. Ra7 Rxa7 31. Rxa7 a2 32. Kg2 Ke8 33. h4 Kd8 34. h5 Ke8 35. h6 Kf8 36. h7 1-0

[Event "*** Titled Tuesday Blitz"]
[Site "Chess.com"]
[Date "2020.04.28"]
[Round "2"]
[White "sofaceindisguise"]
[Black "fidezivkovic"]
[Result "1-0"]
[WhiteElo "2598"]
[BlackElo "2304"]
[TimeControl "180+1"]
[EndTime "10:16:01 PDT"]
[Termination "sofaceindisguise won by resignation"]

1. e4 c5 2. Nf3 g6 3. c3 Bg7 4. d4 cxd4 5. cxd4 d5 6. exd5 Nf6 7. Bb5+ Nbd7 8. Nc3 O-O 9. O-O Nb6 10. Ne5 Nfxd5 11.
Re1 a6 12. Bf1 Be6 13. Ne4 f6 14. Nc5 Bc8 15. Ned3 Kh8 16. Bd2 Nc4 17. Qc2 Nxd2 18.
Qxd2 b6 19. Ne6 Bxe6 20. Rxe6 Qd7 21. Rae1 Rfc8 22. g3 f5 23. Bg2 Bxd4 24. Ne5 Qxe6 25. Qxd4 Nf6 26. Nxg6+ hxg6 27. Rxe6 Rc1+ 28. Bf1 Rac8 29. Rxe7 R8c6 30. Rf7 1-0

[Event "*** Titled Tuesday Blitz"]
[Site "Chess.com"]
[Date "2020.04.28"]
[Round "2"]
[White "albi1999"]
[Black "slowdgehammer"]
[Result "1-0"]
[WhiteElo "2655"]
[BlackElo "2355"]
[TimeControl "180+1"]
[EndTime "10:16:03 PDT"]
[Termination "albi1999 won by resignation"]

1. d4 Nf6 2. c4 g6 3. g3 Bg7 4. Bg2 d6 5. Nc3 O-O 6. Nf3 Nc6 7. O-O Bf5 8. d5 Na5 9. Nh4 Bd7 10. b3 Nxd5 11.
Nxd5 Bxa1 12. Bd2 c6 13. Qxa1 cxd5 14. Bh6 f6 15. Bxf8 Kxf8 16. Bxd5 Bc6 17. Rd1 Bxd5 18. Rxd5 Nc6 19. Ng2 Qc8 20. Qd1 Qe6 21. Nf4 Qe4 22. f3 Qe3+ 23. Kg2 Rc8 24. Rd3 Qc5 25. Ne6+ 1-0

[Event "*** Titled Tuesday Blitz"]
[Site "Chess.com"]
[Date "2020.04.28"]
[Round "2"]
[White "imdarealist"]
[Black "saikrishnaReturns"]
[Result "0-1"]
[WhiteElo "2267"]
[BlackElo "2633"]
[TimeControl "180+1"]
[EndTime "10:16:04 PDT"]
[Termination "saikrishnaReturns won by checkmate"]

1. d4 Nf6 2. Bf4 g6 3. e3 Bg7 4. Nf3 d6 5. h3 O-O 6. c3 Nfd7 7. Be2 e5 8. Bh2 Nc6 9. O-O f5 10. a4 e4 11. Nfd2 Qh4 12. b4 g5 13. a5 Nf6 14. b5 Ne7 15. Qb3+ Kh8 16. c4 f4 17. Nc3 f3 18. gxf3 Bxh3 19. Rfe1 Nf5 20. Ncxe4 g4 21. Ng3 Nh5 22. Nxf5 Rxf5 23. fxg4 Qxf2+ 24.
Kh1 Qg2# 0-1

[Event "*** Titled Tuesday Blitz"]
[Site "Chess.com"]
[Date "2020.04.28"]
[Round "2"]
[White "mjray79"]
[Black "Mizner"]
[Result "0-1"]
[WhiteElo "2259"]
[BlackElo "2491"]
[TimeControl "180+1"]
[EndTime "10:16:04 PDT"]
[Termination "Mizner won by checkmate"]

1. d4 d5 2. c4 e6 3. Nf3 Nf6 4. g3 dxc4 5. Bg2 c5 6. O-O Nc6 7. e3 Bd7 8. Na3 cxd4 9. exd4 c3 10. Nc4 cxb2 11. Bxb2 Be7 12. Nce5 O-O 13. Qd3 Rc8 14. Ng5 h6 15. Ne4 Nb4 16. Qb3 Nxe4 17. Bxe4 Bb5 18. Rfd1 Qa5 19. Bxb7 Rb8 20. Be4 Ba4 21.
Qa3 Nd5 22. Bxd5 Bxa3 23. Bxa3 Bxd1 24. Bxf8 Qxd5 25. Bc5 Ba4 26. Bxa7 Rb2 27. Rc1 Rxa2 28. Rc8+ Kh7 29. Nxf7 Ra1+ 30. Rc1 Rxc1# 0-1

[Event "*** Titled Tuesday Blitz"]
[Site "Chess.com"]
[Date "2020.04.28"]
[Round "2"]
[White "Gennady_Kozlov"]
[Black "TerorPtica"]
[Result "0-1"]
[WhiteElo "2579"]
[BlackElo "2965"]
[TimeControl "180+1"]
[EndTime "10:16:05 PDT"]
[Termination "TerorPtica won by resignation"]

1. b3 e5 2. Bb2 Nc6 3. e3 d5 4. Bb5 Bd6 5. f4 Qh4+ 6. g3 Qe7 7. Nf3 f6 8. O-O Bg4 9. Qe1 Nh6 10. Nc3 Be6 11.
fxe5 fxe5 12. Nh4 a6 13. Bxc6+ bxc6 14. Qe2 Kd7 15. a4 Bh3 16. Rf2 Rhf8 17. Rxf8 Rxf8 18. a5 g5 19. Ng2 Ng4 20. Rf1 Rxf1+ 21. Qxf1 Qf6 22.
Qe2 e4 23. Nd1 Qf5 24. Qxa6 Qf3 25. Qf1 Bxg2 26. Qxf3 Bxf3 27. a6 Kc8 28. Nc3 Kb8 29. Na4 0-1

[Event "*** Titled Tuesday Blitz"]
[Site "Chess.com"]
[Date "2020.04.28"]
[Round "2"]
[White "PavlovDanila"]
[Black "KrakenBeast"]
[Result "1-0"]
[WhiteElo "2752"]
[BlackElo "2409"]
[TimeControl "180+1"]
[EndTime "10:16:06 PDT"]
[Termination "PavlovDanila won by resignation"]

1. e4 c5 2. Nf3 d6 3. d4 cxd4 4.
Nxd4 Nf6 5. Nc3 a6 6. Be3 e5 7. Nb3 Be7 8. Qd2 Be6 9. O-O-O Nbd7 10. f4 b5 11. f5 Bc4 12. g4 Nxg4 13. Rg1 Nxe3 14.
Qxe3 h6 15. Kb1 Bg5 16. Qf3 Nb6 17. Na5 Qc7 18. Bxc4 bxc4 19. Nd5 Nxd5 20. Rxd5 Rb8 21. Qc3 Rb5 22. Nxc4 Rxd5 23. exd5 Qc5 24. Rf1 O-O 25. Qd3 a5 26. a4 Rb8 27. b3 Rb4 28. Ka2 Bf6 29.
c3 Rb8 30. Nd2 Rc8 31. Ne4 Qc7 32. Rg1 Kh7 33. Nxf6+ gxf6 34. Qg3 1-0

[Event "*** Titled Tuesday Blitz"]
[Site "Chess.com"]
[Date "2020.04.28"]
[Round "2"]
[White "mc4chess"]
[Black "AthanasiusLefebvre"]
[Result "1-0"]
[WhiteElo "2383"]
[BlackElo "2000"]
[TimeControl "180+1"]
[EndTime "10:16:07 PDT"]
[Termination "mc4chess won by resignation"]

1. e4 c5 2. Nf3 e6 3. d4 cxd4 4. Nxd4 a6 5. Bd3 Qc7 6. O-O b5 7. a4 b4 8. Nd2 Bb7 9. Kh1 Nf6 10. f4 d5 11. e5 Ne4 12. Qe2 Bc5 13. N2b3 Bb6 14.
f5 Qxe5 15. Bf4 Qxd4 16. Nxd4 Bxd4 17. Bxe4 dxe4 18. fxe6 fxe6 19. Bxb8 Rxb8 20. Rad1 e5 21. Qc4 Ke7 22. Rf7+ 1-0